 Dungeon Crawl Stone Soup version 0.28.0-62-gf88900778d (webtiles) character file.

Game seed: 7888363798258688692

6 Froggeryz the Cutter (level 1, 0/24 HPs)
             Began as an Octopode Berserker on Jan 30, 2024.
             Was a Follower of Trog.
             Slain by a jackal (2 damage)
             ... on level 1 of the Dungeon.
             The game lasted 00:00:11 (380 turns).

Froggeryz the Cutter (Octopode Berserker)            Turns: 380, Time: 00:00:12

Health: 0/24       AC:  1    Str: 16    XL:     1   Next: 90%
Magic:  1/1        EV: 13    Int:  9    God:    Trog [*.....]
Gold:   0          SH:  0    Dex: 11    Spells: 0/0 levels left

rFire   . . .      SeeInvis .   a - +0 short sword
rCold   . . .      Faith    .   (no shield)
rNeg    . . .      Spirit   .   (helmet restricted)
rPois   .          Reflect  .   (no amulet)
rElec   .          Harm     .   (no ring)
rCorr   .          Rampage  .   (no ring)
Will    .....                   (no ring)
Stlth   ..........              (no ring)
HPRegen 0.08/turn               (no ring)
MPRegen 0.07/turn               (no ring)
                                (no ring)
                                (no ring)

@: berserking, very quick
A: almost no armour, amphibious, 8 rings, camouflage 1, gelatinous body 1,
(nimble swimmer 1), tentacles
a: Renounce Religion, Berserk


You were on level 1 of the Dungeon.
You worshipped Trog.
Trog was aware of your devotion.
You visited 1 branch of the dungeon, and saw 1 of its levels.

Inventory:

Hand Weapons
 a - a +0 short sword (weapon)
Scrolls
 b - a scroll of teleportation {unknown}
Potions
 c - a potion of flight {unknown}


   Skills:
 + Level 3.1 Fighting
 * Level 3.3 Short Blades
 - Level 3.0 Dodging


You couldn't memorise any spells.
You didn't know any spells.
Your spell library was empty.

Dungeon Overview and Level Annotations

Branches:
Dungeon (1/15)

Altars:


Innate Abilities, Weirdness & Mutations

You cannot wear most types of armour.
You are amphibious.
You can wear up to eight rings at the same time.
Your skin changes colour to match your surroundings (Stealth+).
Your rubbery body absorbs attacks. (AC +1, EV +1)
((You are camouflaged when in or above water. (Stealth+)))
You have tentacles for arms and can constrict up to eight enemies at once.


Message History

You constrict the jackal.
You kill the jackal!
Trog accepts your kill.
A kobold comes into view. It is wielding a +0 whip.
The giant cockroach waves its antennae.
You hit the jackal but do no damage. You grab the jackal.
You constrict the jackal. The jackal misses you. The jackal bites you.
You hit the jackal but do no damage.
The jackal is lightly wounded.
You constrict the jackal. The jackal barely misses you. x2
You hit the jackal but do no damage.
The jackal is moderately wounded.
You constrict the jackal. The jackal bites you.
The jackal completely misses you.
You hit the jackal.
You kill the jackal!
Trog accepts your kill. The jackal closely misses you. x2
There are monsters nearby!
You barely miss the jackal. Your grab misses the jackal.
The jackal barely misses you.
The giant cockroach completely misses you.
You closely miss the jackal. You grab the jackal. You constrict the jackal.
The jackal bites you. The giant cockroach bites you.
* * * LOW HITPOINT WARNING * * *
You release your grip on the jackal.
The jackal bites you.
* * * LOW HITPOINT WARNING * * *
You miss the jackal. Your grab misses the jackal.
The jackal is moderately wounded.
The jackal bites you but does no damage.
You hit the jackal but do no damage. Your grab misses the jackal.
The jackal is moderately wounded.
The jackal closely misses you. The jackal misses you.
A red film seems to cover your vision as you go berserk!
You feel yourself moving faster!
You feel mighty! The jackal bites you.
* * * LOW HITPOINT WARNING * * *
You closely miss the jackal. Your grab misses the jackal.
The jackal is moderately wounded.
The jackal bites you.
You die...

##..........#..
###..............
....)...##.._...#
........##......#
........##.....##
........#...###...
................##
........#.....###
.......Bh@##.....
.......K### ....#
........# .....#
........# ......
......... .....
.......#. .......
#. ......( #
.......


You could see a jackal, a giant cockroach and a kobold.

Vanquished Creatures
  An endoplasm (D:1)
  2 jackals (D:1)
  A kobold (D:1)
  A frilled lizard (D:1)
5 creatures vanquished.

Notes
Turn   | Place    | Note
-------+----------+-------------------------------------------
     0 | D:1      | Froggeryz the Octopode Berserker began the quest for the
                  | Orb.
     0 | D:1      | Reached XP level 1. HP: 16/16 MP: 1/1
   322 | D:1      | Found a faded altar of an unknown god.
   380 | D:1      | Slain by a jackal

Illustrated notes

Levels and vault maps discovered:
D:1:      kilobyte_arrival_exit_the_forest, layout_rooms, serial_shops,
          nicolae_shop_hallway_plus, ebering_ecumenical_altar_sacrificial

Action                   || total
-------------------------++-------
Melee: Short sword       ||    18
       Constrict         ||     4
       Tentacles         ||     2
       Punch             ||     1
Invok: Berserk           ||     1
 Stab: Sleeping          ||     1
Armor: Skin              ||     1
Dodge: Dodged            ||    14
